 Dungeon Crawl Stone Soup version 0.21-a0-507-ga8f6b7a (webtiles) character file.

88 slep the Cudgeler (level 4, 0/33 HPs)
             Began as a Demonspawn Gladiator on Nov 28, 2017.
             Slain by a worm (5 damage)
             ... on level 2 of the Dungeon.
             The game lasted 00:02:52 (973 turns).

slep the Cudgeler (Demonspawn Gladiator)             Turns: 973, Time: 00:02:53

Health: 0/33       AC:  4    Str: 14    XL:     4   Next: 29%
Magic:  4/4        EV: 13    Int:  9    God:
Gold:   41         SH:  0    Dex: 16    Spells: 3/3 levels left

rFire    + . .     SeeInvis .   a - +0 flail
rCold    . . .     Gourm    .   (no shield)
rNeg     . . .     Faith    .   b - +0 leather armour
rPois    .         Spirit   .   c - +0 helmet
rElec    .         Reflect  .   (no cloak)
rCorr    .         Harm     .   (no gloves)
MR       .....                  (no boots)
Stlth    ++........             (no amulet)
HPRegen  0.11/turn              (no ring)
MPRegen  0.09/turn              (no ring)

@: no status effects
A: fire resistance 1
a: no special abilities


You were on level 2 of the Dungeon.
You were hungry.

You visited 1 branch of the dungeon, and saw 2 of its levels.

You collected 41 gold pieces.

Inventory:

Hand Weapons
 a - a +0 flail (weapon)
Missiles
 d - 3 throwing nets (quivered)
Armour
 b - a +0 leather armour (worn)
 c - a +0 helmet (worn)
Scrolls
 h - 2 scrolls of remove curse {unknown}
 i - a scroll of enchant weapon {unknown}
 j - 2 scrolls of identify {unknown}
Potions
 e - a potion of lignification {unknown}
 g - a potion of berserk rage {unknown}
 k - a potion of mutation {unknown}
 m - a potion of ambrosia {unknown}
Comestibles
 f - a bread ration
 l - 2 meat rations


   Skills:
 + Level 2.2 Fighting
 + Level 3.7 Maces & Flails
 + Level 2.0 Throwing
 + Level 0.5 Armour
 + Level 3.1 Dodging
 + Level 1.2 Stealth


You had 3 spell levels left.
You didn't know any spells.

Dungeon Overview and Level Annotations

Branches:
Dungeon (2/15)

Altars:


Innate Abilities, Weirdness & Mutations

Your flesh is heat resistant. (rF+)


Message History

You kill the giant cockroach!
You see here a giant cockroach corpse.
Found a stone staircase leading up.
You hit the worm.
The worm is lightly wounded.
The worm bites you!
* * * LOW HITPOINT WARNING * * *
You hit the worm.
The worm is lightly wounded.
You are feeling hungry.
The worm closely misses you.
You hit the worm.
The worm is moderately wounded.
The worm misses you.
You thump the worm!
The worm is severely wounded.
You barely miss the worm.
The worm is severely wounded.
The worm bites you.
You die...

# ###
#####.#.#########
......#.........#
..............#
####.#†#...#.#
#.#.#.#.#
##########.#.....# #
.........(.###.###.#
.###########....@w.#
.# #.#.#.....# †#
#.#.......# .# #
#.#........ .#
#.#.###<#.# .# #.#.#
## # .# #.#.. .#
#.#.# .#


You could see a worm.

Vanquished Creatures
  4 adders (D:2)
  2 oozes (D:1)
  A worm (D:2)
  2 dart slugs (D:1)
  A leopard gecko (D:1)
  5 bats
  3 giant cockroaches
  4 goblins (D:1)
  6 hobgoblins
  2 frilled lizards
  3 kobolds
  5 rats (D:1)
38 creatures vanquished.

Notes
Turn   | Place    | Note
-------+----------+-------------------------------------------
     0 | D:1      | slep the Demonspawn Gladiator began the quest for the Orb.
     0 | D:1      | Reached XP level 1. HP: 16/16 MP: 1/1
    83 | D:1      | Gained mutation: Your flesh is heat resistant. (rF+) [demonic ancestry]
    83 | D:1      | Reached XP level 2. HP: 11/22 MP: 2/2
   558 | D:1      | Reached XP level 3. HP: 24/27 MP: 3/3
   752 | D:2      | Reached skill level 1 in Stealth
   777 | D:2      | Reached XP level 4. HP: 21/33 MP: 4/4
   973 | D:2      | Slain by a worm

Vault maps used:
D:1:      lemuel_arrival_room
D:2:      serial_bayou_pond_e

Skill      XL: |  1  2  3 |
---------------+----------+-----
Maces & Flails | 3 |  3.7
Throwing       | 2 |  2.0
Dodging        | 3 |  3.1
Stealth        | 1 |  1.2
Fighting       | |  2.2
Armour         | |  0.5

Action                   |  1- 3 |  4- 6 || total
-------------------------+-------+-------++-------
Melee: Flail             |    95 |    43 ||   138
 Stab: Sleeping          |     7 |       ||     7
Armor: Leather armour    |    27 |    18 ||    45
Dodge: Dodged            |    63 |    43 ||   106

Table legend:
 A = Spawn XP
 B = Non-spawn XP
 C = Spawn XP percentage of total XP
 D = Spawn monster count
 E = Non-spawn monster count
 F = Spawn count percentage of total count
 G = Total turns spent on level
                    A         B        C        D         E        F      G
               +---------+---------+-------+---------+---------+-------+---------
         Total |       0 |     126 |   0.0 |       0 |      38 |   0.0 |   973
               +---------+---------+-------+---------+---------+-------+---------
           D:1 |       0 |      57 |   0.0 |       0 |      26 |   0.0 |   673
           D:2 |       0 |      69 |   0.0 |       0 |      12 |   0.0 |   300
               +---------+---------+-------+---------+---------+-------+---------
